 Dungeon Crawl Stone Soup version 0.21.1-1-g345015fe64 (webtiles) character file.

1492 NullDivider the Sneak (level 8, 0/43 HPs)
             Began as a Spriggan Artificer on Mar 31, 2018.
             Was an Initiate of Gozag.
             Killed from afar by an orc wizard (2 damage)
             ... with a magic dart
             ... on level 5 of the Dungeon.
             The game lasted 00:46:31 (7944 turns).

NullDivider the Sneak (Spriggan Artificer)          Turns: 7944, Time: 00:46:32

Health: 0/43       AC:  3    Str:  8    XL:     8   Next: 51%
Magic:  14/14      EV: 23    Int: 13    God:    Gozag
Gold:   443        SH:  0    Dex: 18    Spells: 5/7 levels left

rFire    . . .     SeeInvis +   A - +2 dagger (venom)
rCold    . . .     Gourm    .   (shield restricted)
rNeg     . . .     Faith    .   b - +0 robe
rPois    .         Spirit   .   (helmet restricted)
rElec    .         Reflect  .   F - +0 cloak
rCorr    .         Harm     .   (gloves unavailable)
MR       +....                  (boots unavailable)
Stlth    ++++......             (no amulet)
HPRegen  0.14/turn              m - +3 ring of slaying
MPRegen  0.14/turn              (no ring)

@: very quick
A: very small, unfitting armour, see invisible, herbivore, speed 3, slow
metabolism 2
a: Potion Petition, Call Merchant, Bribe Branch, Renounce Religion


You were on level 5 of the Dungeon.
You worshipped Gozag.
Gozag was aware of your devotion.
You were very hungry.

You visited 2 branches of the dungeon, and saw 7 of its levels.

You collected 528 gold pieces.
You paid 85 gold pieces to Gozag.

Inventory:

Hand Weapons
 i - a +1 dagger of holy wrath
 p - a cursed -3 dagger
 w - a +2 dagger of freezing
 A - a +2 dagger of venom (weapon)
Missiles
 o - 6 poisoned needles
Armour
 b - a +0 robe (worn)
 F - a +0 cloak (worn)
Jewellery
 j - an uncursed ring of ice
 m - a +3 ring of slaying (left hand)
 u - a +6 amulet of reflection {unknown}
 y - an uncursed amulet of harm {unknown}
Wands
 c - a wand of flame (12)
 d - a wand of enslavement (15)
 e - a wand of random effects (50)
 J - a wand of iceblast (3)
Scrolls
 a - a scroll of amnesia {unknown}
 g - 2 scrolls of enchant weapon {unknown}
 l - 2 scrolls of teleportation {unknown}
 r - 2 scrolls of remove curse {unknown}
 t - 3 scrolls of magic mapping
 v - 2 scrolls of enchant armour {unknown}
 B - 2 scrolls of random uselessness {unknown}
 C - 3 scrolls of identify {unknown}
 G - 3 scrolls of immolation {unknown}
 I - a scroll of fear {unknown}
Potions
 h - 4 potions of curing {unknown}
 k - a potion of might {unknown}
 n - 3 potions of heal wounds {unknown}
 q - 2 potions of flight {unknown}
 s - a potion of haste {unknown}
 x - 2 potions of ambrosia {unknown}
 z - a potion of magic {unknown}
 D - 2 potions of cancellation {unknown}
 E - a potion of degeneration {unknown}
Books
 H - a book of Minor Magic

   Spells                             Type                      Level
   a - Magic Dart                     Conjuration                  1
   b - Blink                          Translocation                2
   c - Call Imp                       Summoning                    2
   d - Slow                           Hexes                        2
   e - Conjure Flame                  Conjuration/Fire             3
   f - Mephitic Cloud                 Conjuration/Poison/Air       3
Comestibles
 f - 12 rations


   Skills:
 * Level 5.1 Fighting
 + Level 4.6 Short Blades
 + Level 6.8 Dodging
 + Level 6.9 Stealth
 + Level 6.9 Evocations


You had 5 spell levels left.
You knew the following spells:

 Your Spells              Type           Power        Failure   Level  Hunger
a - Blink                 Tloc           N/A          43%         2    ###....


Dungeon Overview and Level Annotations

Branches:
Dungeon (6/15)             Temple (1/1) D:4

Altars:
Ashenzari
Cheibriados
Dithmenos
Fedhas
Gozag
Hepliaklqana
Makhleb
Nemelex Xobeh
Qazlal
Sif Muna
Uskayaw
Vehumet
Wu Jian
Xom
Zin

Annotations:
D:4 exclusion: oklob sapling


Innate Abilities, Weirdness & Mutations

You are very small and have problems with some larger weapons.
You are too small for most types of armour.
You have supernaturally acute eyesight. (SInv)
You are a herbivore.
You cover ground extremely quickly.
You need consume almost no food.


Message History

You barely miss the orc wizard.
The orc wizard is moderately wounded.
The orc wizard gestures at you while chanting.
The puff of frost hits you! The orc wizard completely misses you.
There is a stone staircase leading up here.
The orc wizard hits you with a dagger.
* * * LOW HITPOINT WARNING * * *
The orc wizard barely misses you. The orc warrior completely misses you.
You climb upwards.
There is a stone staircase leading down here.
The orc wizard points at you and mumbles some strange words.
The puff of flame hits you!
* * * LOW HITPOINT WARNING * * *
The orc wizard casts a spell at you. The puff of flame misses you.
The orc wizard casts a spell at you. The magic dart hits you!
You die...
Your body crumbles into a pile of gold.

#####.....####.#.# #.........####
...........##..#.# #.........>...
#####.....###..#.###..>......####
##...## #.....##.........# ##.##
#................#
#.#####.#...##.........####
#.##........##.............
#.##.##.##..##.........####
#.##.##.##@.##.........#
#.#...#.##..#########.## #
#...#...........# #.# #
#.#.............# #.# #
#.##......o.###.#####.# #
#.##......o#####......#####
#.##.....[.# #....##.......
#.##......># #.#..)).#####.
#.##....(.(###.[..#### #.


You could see an orc warrior and an orc wizard.

Vanquished Creatures
  Eustachio (D:5)
  The ghost of Balth the Vexing, an amateur GnAM (D:4)
  An ice beast (D:5)
  A centaur (D:5)
  2 ogres (D:5)
  A bullfrog (D:5)
  A crimson imp (D:5)
  A hound (D:4)
  5 orc priests
  Crazy Yiuf (D:4)
  6 orc wizards
  Jessica (D:2)
  3 iguanas
  Ijyb (D:5)
  2 worker ants (D:4)
  Robin (D:2)
  8 adders
  2 shadow imps
  An adder skeleton (D:4)
  A worm (D:2)
  A dart slug (D:3)
  A leopard gecko (D:3)
  32 orcs
  3 giant cockroaches
  17 goblins
  14 hobgoblins
  3 jackals
  A quokka (D:4)
  6 bats
  8 frilled lizards
  4 kobolds
  A quokka skeleton (D:4)
  10 rats
  A plant (D:4)
143 creatures vanquished.

Notes
Turn   | Place    | Note
-------+----------+-------------------------------------------
     0 | D:1      | NullDivider the Spriggan Artificer began the quest for the Orb.
     0 | D:1      | Reached XP level 1. HP: 9/9 MP: 4/4
   399 | D:1      | Reached skill level 1 in Fighting
   667 | D:1      | Reached XP level 2. HP: 14/14 MP: 6/6
  1332 | D:2      | Noticed Robin
  1349 | D:2      | Killed Robin
  1349 | D:2      | Reached XP level 3. HP: 14/18 MP: 7/7
  1593 | D:2      | Noticed Jessica
  1631 | D:2      | Killed Jessica
  1631 | D:2      | Reached XP level 4. HP: 23/23 MP: 8/8
  2210 | D:2      | Reached XP level 5. HP: 27/27 MP: 9/9
  2841 | D:3      | You fall through a shaft for 3 floors!
  2841 | D:6      | Noticed Eustachio
  3069 | D:6      | Reached skill level 5 in Evocations
  3274 | D:5      | Entered Level 5 of the Dungeon
  3303 | D:4      | Noticed Balth's ghost (amateur GnAM)
  3416 | D:3      | Reached XP level 6. HP: 32/32 MP: 10/10
  4237 | D:4      | Found a staircase to the Ecumenical Temple.
  4290 | D:4      | Reached skill level 5 in Dodging
  4558 | D:4      | Found a stormy altar of Qazlal.
  4667 | D:4      | Found a runed door.
  4671 | D:4      | Noticed Crazy Yiuf
  4675 | D:4      | Killed Crazy Yiuf
  4675 | D:4      | Reached XP level 7. HP: 36/36 MP: 12/12
  5128 | Temple   | Entered the Ecumenical Temple
  5365 | Temple   | Became a worshipper of Gozag Ym Sagoz the Greedy
  5836 | D:4      | Reached skill level 5 in Stealth
  6424 | D:4      | Killed Balth's ghost
  6745 | D:5      | Learned a level 2 spell: Blink
  7154 | D:5      | Reached XP level 8. HP: 7/42 MP: 13/13
  7545 | D:5      | Noticed Ijyb
  7552 | D:5      | Killed Ijyb
  7778 | D:5      | Killed Eustachio
  7778 | D:5      | Reached skill level 5 in Fighting
  7938 | D:5      | HP: 2/43 [orc wizard/puff of flame (10)]
  7944 | D:5      | Killed from afar by an orc wizard

Skill      XL: |  1  2  3  4  5  6  7  8 |
---------------+-------------------------+-----
Fighting       | 1 2 3 4 5 |  5.1
Stealth        | 2 3 4 6 |  6.9
Short Blades   | 2 3 4 |  4.6
Dodging        | 4 5 6 |  6.8
Evocations     | 5 6 |  6.9

Action                   |  1- 3 |  4- 6 |  7- 9 || total
-------------------------+-------+-------+-------++-------
Melee: Dagger            |    85 |   206 |   186 ||   477
       Short sword       |     3 |       |       ||     3
 Cast: Blink             |       |       |     1 ||     1
Evoke: Wand              |     3 |       |       ||     3
  Use: Scroll            |       |       |     1 ||     1
 Stab: Sleeping          |     1 |     7 |     5 ||    13
       Distracted        |       |     3 |     2 ||     5
  Eat: Ration            |       |       |     2 ||     2
Armor: Robe              |    10 |    11 |    10 ||    31
Dodge: Dodged            |    59 |   110 |    86 ||   255
